[Event "Titled Tuesday Blitz January 03 Late 2023"]
[White "Janaszak, Dawid"]
[Black "Guevara Sanchez, Erick Marvin"]
[WhiteFideId "1119206"]
[BlackFideId "6700136"]
[WhiteElo "2316"]
[BlackElo "2073"]
[Result "1-0"]
[Round "01"]
[TimeControl "180+2"]
[Date "2023.01.03"]
[WhiteClock "0:01:47"]
[BlackClock "0:01:58"]

1. e4 c5 2. Nc3 Nc6 3. Bb5 Nd4 4. Nf3 Nxb5 5. Nxb5 a6 6. Nc3 e6 7. d4 cxd4 8. Qxd4 Ne7 9. Bg5 f6 10. Be3 Nc6 11. Qd2 Be7 12. O-O-O O-O 13. Kb1 b5 14. Nd5 exd5 15. exd5 Ne5 16. d6 Nxf3 17. Qd5+ Kh8 18. dxe7 Qxe7 19. Qxa8 Ne5 20. Qd5 Nc4 21. Bc5 Qd8 22. b3 Na5 23. Bxf8 Qxf8 24. Qd6 Qd8 25. Rhe1 Nc6 26. Qxc6 dxc6 27. Rxd8# 1-0


[Site "https://www.chess.com"]

[Event "Titled Tuesday Blitz January 03 Late 2023"]
[White "Sloan, Julia Elizabeth"]
[Black "Krishnan, Varun"]
[WhiteFideId "2018950"]
[BlackFideId "5054508"]
[WhiteElo "2087"]
[BlackElo "2341"]
[Result "0-1"]
[Round "01"]
[TimeControl "180+2"]
[Date "2023.01.03"]
[WhiteClock "0:01:43"]
[BlackClock "0:01:21"]

1. d4 Nf6 2. c4 e6 3. Nf3 b6 4. g3 Bb7 5. Bg2 Bb4+ 6. Bd2 a5 7. O-O O-O 8. Bg5 h6 9. Bf4 Be7 10. Nc3 d6 11. Ne1 Bxg2 12. Kxg2 Nbd7 13. Nd3 c5 14. d5 exd5 15. cxd5 c4 16. Nc1 Qc7 17. e4 Ne5 18. Bxe5 dxe5 19. N1e2 Qd7 20. a4 Bc5 21. f3 Rac8 22. Nb5 Ne8 23. Nec3 Nd6 24. Nxd6 Qxd6 25. Nb5 Qd7 26. Qd2 f5 27. Rac1 fxe4 28. fxe4 Qg4 29. Rxc4 Rxf1 30. Kxf1 Qf3+ 31. Ke1 Qh1+ 32. Ke2 Qg2+ 33. Kd1 Qf1+ 0-1


[Site "https://www.chess.com"]

[Event "Titled Tuesday Blitz January 03 Late 2023"]
[White "Bayo Milagro, Alvaro"]
[Black "Mitrovic, Darko R"]
[WhiteFideId "22275240"]
[BlackFideId "927023"]
[WhiteElo "2287"]
[BlackElo "2220"]
[Result "1-0"]
[Round "01"]
[TimeControl "180+2"]
[Date "2023.01.03"]
[WhiteClock "0:01:24"]
[BlackClock "0:00:01"]

1. d4 Nf6 2. Nf3 a6 3. c4 b5 4. Nc3 bxc4 5. e4 d5 6. exd5 Nxd5 7. Bxc4 e6 8. Ne5 c6 9. O-O Be7 10. Bd3 O-O 11. Re1 Bb7 12. Ne4 Nd7 13. Qh5 N7f6 14. Qh3 Nxe4 15. Rxe4 g6 16. Bh6 c5 17. Bxf8 Bxf8 18. Rh4 h5 19. Bxg6 fxg6 20. Qxe6+ Kh8 21. Nf7+ Kg7 22. Nxd8 Rxd8 23. dxc5 Bxc5 24. Rd1 Rd6 25. Qe5+ Rf6 26. Rf4 Nxf4 27. Rd7+ Kh6 28. Qxf6 Ne2+ 29. Kf1 Bxg2+ 30. Kxe2 1-0


[Site "https://www.chess.com"]

[Event "Titled Tuesday Blitz January 03 Late 2023"]
[White "Curtis, John"]
[Black "Gschnitzer, Adrian"]
[WhiteFideId "3200256"]
[BlackFideId "1270337"]
[WhiteElo "2292"]
[BlackElo "2432"]
[Result "0-1"]
[Round "01"]
[TimeControl "180+2"]
[Date "2023.01.03"]
[WhiteClock "0:00:54"]
[BlackClock "0:01:25"]

1. c4 Nf6 2. Nf3 c5 3. g3 d5 4. cxd5 Nxd5 5. Bg2 Nc6 6. O-O e5 7. Nc3 Be6 8. Ng5 Qxg5 9. Nxd5 Qd8 10. Nc3 Rc8 11. d3 Be7 12. b3 O-O 13. Bb2 f5 14. e4 f4 15. Nd5 Bf6 16. gxf4 exf4 17. Bxf6 gxf6 18. Nxf4 Bd7 19. Qh5 Ne5 20. Qh4 b6 21. h3 f5 22. Rae1 Qxh4 0-1


[Site "https://www.chess.com"]

[Event "Titled Tuesday Blitz January 03 Late 2023"]
[White "Mendez Fortes, Eduardo Jesus"]
[Black "Aung Thant Zin"]
[WhiteFideId "3502376"]
[BlackFideId "13000063"]
[WhiteElo "2250"]
[BlackElo "2268"]
[Result "1-0"]
[Round "01"]
[TimeControl "180+2"]
[Date "2023.01.03"]
[WhiteClock "0:01:42"]
[BlackClock "0:00:28"]

1. e4 c5 2. Nf3 Nc6 3. d4 cxd4 4. Nxd4 Nf6 5. Nc3 d6 6. Bg5 e6 7. Qd2 a6 8. O-O-O h6 9. Nxc6 bxc6 10. Bf4 d5 11. Qe3 Be7 12. Be2 Qa5 13. Qg3 Rg8 14. Bc7 Qb4 15. a3 Qb7 16. Bf3 Ra7 17. Bd6 Qd7 18. Bxe7 Qxe7 19. exd5 cxd5 20. Rhe1 Kf8 21. Bxd5 Nxd5 22. Nxd5 Qg5+ 23. Qxg5 hxg5 24. Nb6 1-0


[Site "https://www.chess.com"]

[Event "Titled Tuesday Blitz January 03 Late 2023"]
[White "Calcada, Lucas Galvan"]
[Black "Principe, Gerson"]
[WhiteFideId "22746099"]
[BlackFideId "3804550"]
[WhiteElo "1739"]
[BlackElo "2226"]
[Result "0-1"]
[Round "01"]
[TimeControl "180+2"]
[Date "2023.01.03"]
[WhiteClock "0:00:07"]
[BlackClock "0:01:02"]

1. e4 c5 2. Nf3 e6 3. d4 cxd4 4. Nxd4 Nf6 5. Nc3 Nc6 6. Nxc6 bxc6 7. e5 Nd5 8. Ne4 Qc7 9. f4 Qb6 10. Qe2 a5 11. c4 Ba6 12. Qf2 Bb4+ 13. Kd1 Qxf2 14. Nxf2 Nb6 15. a3 Be7 16. b3 a4 17. Be3 c5 18. b4 Nxc4 19. Bxc4 Bxc4 20. bxc5 f5 21. Kd2 Kf7 22. Rhc1 Bd5 23. g3 Rhb8 24. Rab1 Rb3 25. Rxb3 axb3 26. Ra1 Rb8 27. Bd4 Bd8 28. Bb2 Ba5+ 29. Ke3 h6 30. Nd3 g5 31. Rc1 Kg6 32. h4 gxh4 33. gxh4 Kh5 34. Rg1 Kxh4 35. Rg7 Bc6 36. Rh7 h5 37. Nf2 Rg8 38. Ke2 Rg3 39. Nh1 Bxh1 0-1


[Site "https://www.chess.com"]

[Event "Titled Tuesday Blitz January 03 Late 2023"]
[White "Taboas Rodriguez, Daniel"]
[Black "Tamarozi, Isabelle"]
[WhiteFideId "2208466"]
[BlackFideId "2132400"]
[WhiteElo "2371"]
[BlackElo "1982"]
[Result "0-1"]
[Round "01"]
[TimeControl "180+2"]
[Date "2023.01.03"]
[WhiteClock "0:00:34"]
[BlackClock "0:00:45"]

1. d4 Nf6 2. Nf3 g6 3. c4 Bg7 4. Nc3 d6 5. e4 O-O 6. Be2 e5 7. dxe5 dxe5 8. Qxd8 Rxd8 9. Bg5 Re8 10. Nd5 Nxd5 11. cxd5 c6 12. Bc4 cxd5 13. Bxd5 Nd7 14. Nd2 Nc5 15. Nc4 Nd3+ 16. Ke2 Nf4+ 17. Bxf4 exf4 18. Nd6 Re7 19. Kf3 Be5 20. Nxf7 Rxf7 21. Rac1 Bd7 22. Rhd1 Rd8 23. Rd2 h5 24. h3 Kg7 25. Bxf7 Kxf7 26. Rcd1 Ke7 27. b4 Bc3 28. Rd6 g5 29. a4 Bg4+ 30. hxg4 hxg4+ 31. Kxg4 Rxd6 32. Rxd6 Kxd6 33. Kxg5 Ke5 34. b5 Kxe4 35. g4 Be1 0-1


[Site "https://www.chess.com"]

[Event "Titled Tuesday Blitz January 03 Late 2023"]
[White "AKINSEYE, Akinleye"]
[Black "Goltseva, Ekaterina"]
[WhiteFideId "8504458"]
[BlackFideId "24173770"]
[WhiteElo "1797"]
[BlackElo "2283"]
[Result "0-1"]
[Round "01"]
[TimeControl "180+2"]
[Date "2023.01.03"]
[WhiteClock "0:01:29"]
[BlackClock "0:01:47"]

1. e4 e5 2. Nf3 Nc6 3. Bc4 Nf6 4. d3 Be7 5. O-O O-O 6. c3 d5 7. exd5 Nxd5 8. Bxd5 Qxd5 9. d4 exd4 10. cxd4 Bg4 11. Be3 Bxf3 12. Qxf3 Qxf3 13. gxf3 Rad8 14. Rd1 Bf6 15. Na3 Nxd4 16. Bxd4 Bxd4 17. Rab1 a6 18. Nc2 Bc5 19. Ne3 g6 20. Kg2 Kg7 21. a3 Bd4 22. b4 Rfe8 23. Nc2 Bc3 24. Ne3 Bd4 25. Nc2 Bb6 26. Kf1 c6 27. Ne1 h5 28. Ng2 g5 29. h4 f6 30. hxg5 fxg5 31. f4 g4 32. Nh4 Kf6 33. Rxd8 Rxd8 34. Re1 Rd2 35. Re2 Rd3 36. Ra2 Bc7 37. Ng2 Rd1+ 38. Ke2 Rg1 39. Ne3 Bxf4 40. Rd2 h4 41. Rd6+ Bxd6 0-1


[Site "https://www.chess.com"]

[Event "Titled Tuesday Blitz January 03 Late 2023"]
[White "Erzhanov, Arman"]
[Black "Dias, Joao Batista"]
[WhiteFideId "4138821"]
[BlackFideId "2108240"]
[WhiteElo "2228"]
[BlackElo "1796"]
[Result "1-0"]
[Round "01"]
[TimeControl "180+2"]
[Date "2023.01.03"]
[WhiteClock "0:02:27"]
[BlackClock "0:02:16"]

1. e4 e5 2. Nf3 Nc6 3. Bc4 Be7 4. d4 exd4 5. c3 dxc3 6. Qd5 Nh6 7. Bxh6 O-O 8. Bxg7 Kxg7 9. Nxc3 d6 10. Qh5 Be6 11. Bd3 Ne5 12. Nxe5 dxe5 13. Qxe5+ Bf6 14. Qg3+ Kh8 15. O-O Rg8 16. Qf3 Qd4 17. Nb5 Qe5 18. Nxc7 Bg4 19. Qg3 Qd6 20. Qxd6 Be5 21. Qxe5+ 1-0


[Site "https://www.chess.com"]

[Event "Titled Tuesday Blitz January 03 Late 2023"]
[White "Cruz Gomez, Miguel Angel"]
[Black "Cruz Mendez, Jean Marco"]
[WhiteFideId "5137160"]
[BlackFideId "3526402"]
[WhiteElo "1950"]
[BlackElo "2270"]
[Result "1/2-1/2"]
[Round "01"]
[TimeControl "180+2"]
[Date "2023.01.03"]
[WhiteClock "0:00:42"]
[BlackClock "0:00:20"]

1. Nf3 d5 2. c4 c6 3. cxd5 cxd5 4. d4 Nc6 5. Nc3 Nf6 6. Bf4 Bf5 7. e3 e6 8. Bd3 Bxd3 9. Qxd3 a6 10. a3 Bd6 11. Bxd6 Qxd6 12. O-O O-O 13. Rfc1 Rac8 14. Nd2 Nd7 15. Nb3 b5 16. a4 b4 17. Ne2 a5 18. Qb5 Nf6 19. Nxa5 Nxa5 20. Qxa5 Ne4 21. Qb5 Nd2 22. Rxc8 Rxc8 23. a5 Rb8 24. Qd3 Nc4 25. b3 Na3 26. Nf4 Ra8 27. Rc1 g6 28. Rc5 Qd8 29. g3 Rxa5 30. Qd2 Qb6 31. Nd3 Rxc5 32. Nxc5 Nb1 33. Qc2 Nc3 34. Qd3 Qa5 35. Qa6 Qxa6 36. Nxa6 Ne2+ 37. Kf1 Nc1 38. Nxb4 Nxb3 39. Ke2 Na5 40. Kd3 Nc4 41. Na6 Kg7 42. Nc5 Kf6 43. e4 Kg5 44. e5 h5 45. h3 h4 46. Nb7 hxg3 47. fxg3 Nb6 48. Nd6 f6 49. Nf7+ Kf5 50. Nd6+ Kg5 51. Nf7+ Kf5 52. Ke3 fxe5 53. dxe5 Nc4+ 54. Kd4 Nb6 55. Ke3 g5 56. g4+ Kg6 57. Nd8 Nc4+ 58. Kd4 Nd2 59. Nxe6 Kh6 60. Nc7 Nf3+ 61. Kxd5 Ng1 62. e6 Nxh3 63. e7 Nf4+ 64. Ke5 Ng6+ 65. Kf6 Nxe7 66. Kxe7 Kg6 67. Nd5 Kh6 68. Ne3 Kg6 69. Ke6 Kh6 70. Kf5 Kg7 71. Kxg5 Kh7 72. Kf5 Kg7 73. g5 Kh7 74. Ng4 Kg7 75. Ne5 Kh7 76. Ng4 Kg7 77. Nf6 Kf7 78. Nh5 Kf8 79. g6 Kg8 80. Kf6 Kf8 81. g7+ Kg8 82. Nf4 Kh7 83. Kf7 Kh6 84. g8=Q 1/2-1/2


[Site "https://www.chess.com"]

[Event "Titled Tuesday Blitz January 03 Late 2023"]
[White "Zhurbinsky, David"]
[Black "Vargas, Mauricio"]
[WhiteFideId "2072904"]
[BlackFideId "4404572"]
[WhiteElo "2045"]
[BlackElo "2035"]
[Result "1-0"]
[Round "01"]
[TimeControl "180+2"]
[Date "2023.01.03"]
[WhiteClock "0:01:13"]
[BlackClock "0:00:13"]

1. e4 c6 2. d4 d5 3. Nc3 dxe4 4. Nxe4 Nf6 5. Nxf6+ exf6 6. c3 Bf5 7. Nf3 Bd6 8. Bd3 Bg4 9. h3 Bh5 10. O-O O-O 11. Re1 Nd7 12. Be3 Re8 13. Qc2 Nf8 14. Nh4 Bc7 15. Nf5 Bg6 16. c4 Bxf5 17. Bxf5 Qd6 18. g3 Re7 19. Bf4 Qd8 20. Qd2 Ne6 21. Bxc7 Qxc7 22. d5 Qd8 23. Rad1 cxd5 24. cxd5 Nf8 25. d6 Rxe1+ 26. Rxe1 Ne6 27. Bxe6 fxe6 28. Rxe6 Rc8 29. d7 Rb8 30. Qd5 Kf8 31. Re8+ Qxe8 32. Qd6+ Qe7 33. Qxb8+ Kf7 34. d8=Q Qe1+ 35. Kg2 Qe4+ 36. Kh2 Kg6 37. Qe8+ Kh6 38. Qxe4 1-0


[Site "https://www.chess.com"]

[Event "Titled Tuesday Blitz January 03 Late 2023"]
[White "Lutz, Igor Oscar"]
[Black "Danielyan, Vahe"]
[WhiteFideId "2110806"]
[BlackFideId "13304828"]
[WhiteElo "1969"]
[BlackElo "2346"]
[Result "0-1"]
[Round "01"]
[TimeControl "180+2"]
[Date "2023.01.03"]
[WhiteClock "0:00:37"]
[BlackClock "0:02:11"]

1. d4 Nf6 2. c4 c5 3. d5 b5 4. cxb5 a6 5. b6 g6 6. a4 Qxb6 7. Nc3 Bg7 8. Nf3 O-O 9. e4 d6 10. Nd2 Qb4 11. Bd3 Bg4 12. f3 Bd7 13. Qb3 Qd4 14. Be2 a5 15. Qc4 Qxc4 16. Nxc4 Na6 17. Nb6 Ra7 18. Nxd7 Nxd7 19. Nb5 Raa8 20. O-O Nb4 21. Ra3 Rfb8 22. Kh1 Nc2 23. Rd3 Nd4 24. Nxd4 Bxd4 25. b3 Rb6 26. Be3 Bxe3 27. Rxe3 Rab8 28. Bd1 Rb4 29. f4 Nf6 30. Bc2 Kg7 31. h3 h5 32. Kh2 c4 33. bxc4 Rxc4 34. Bd3 Rc3 35. Rff3 Rbb3 36. Kg3 Ra3 37. Kf2 Rxa4 38. Bb5 Ra2+ 39. Re2 Nxe4+ 0-1


[Site "https://www.chess.com"]

[Event "Titled Tuesday Blitz January 03 Late 2023"]
[White "Riff, Vincent"]
[Black "Shapiro, Bryan"]
[WhiteFideId "617776"]
[BlackFideId "2087740"]
[WhiteElo "2383"]
[BlackElo "1972"]
[Result "1-0"]
[Round "01"]
[TimeControl "180+2"]
[Date "2023.01.03"]
[WhiteClock "0:00:50"]
[BlackClock "0:00:07"]

1. e4 e5 2. Nf3 Nc6 3. Bb5 g6 4. c3 Bg7 5. O-O Nge7 6. d3 O-O 7. Re1 h6 8. Nbd2 a6 9. Ba4 d5 10. exd5 Qxd5 11. Ne4 Kh7 12. Qe2 Rd8 13. Rd1 Bf5 14. Bxh6 Kxh6 15. Nfg5 Bxe4 16. dxe4 Qxd1+ 17. Bxd1 Kxg5 18. Qe3+ Kf6 19. Qf3+ Ke6 20. Bb3+ Kd6 21. Qxf7 Bf8 22. Bd5 Nxd5 23. exd5 Ne7 24. Qe6+ Kc5 25. b4+ Kc4 26. d6+ Nd5 27. dxc7 Rd6 28. c8=Q+ Rxc8 29. Qxc8+ Kb5 30. Qxf8 1-0


[Site "https://www.chess.com"]

[Event "Titled Tuesday Blitz January 03 Late 2023"]
[White "Slade, Theodore"]
[Black "Oliveira, Tiago Batista"]
[WhiteFideId "426547"]
[BlackFideId "2108291"]
[WhiteElo "1995"]
[BlackElo "1991"]
[Result "1-0"]
[Round "01"]
[TimeControl "180+2"]
[Date "2023.01.03"]
[WhiteClock "0:01:04"]
[BlackClock "0:00:10"]

1. d4 Nf6 2. c4 g6 3. Nc3 d5 4. cxd5 Nxd5 5. e4 Nxc3 6. bxc3 Bg7 7. Bc4 c5 8. Ne2 O-O 9. O-O Nc6 10. Be3 Bg4 11. f3 cxd4 12. cxd4 Na5 13. Bxf7+ Rxf7 14. fxg4 Rxf1+ 15. Kxf1 e5 16. d5 Nc4 17. Bf2 Qg5 18. h3 Rf8 19. Qd3 Qf6 20. Qg3 Nd2+ 21. Kg1 Nxe4 22. Qf3 Nxf2 23. Qxf6 Rxf6 24. Rc1 e4 25. Rc7 Bf8 26. g5 Rf5 27. Nd4 Rxd5 28. Ne6 e3 29. Rc8 Rf5 30. g4 Rf7 31. Kf1 Nxg4+ 32. Ke2 Ne5 33. Kxe3 Nc6 34. Ke4 Ne7 35. Rb8 Nf5 36. Ra8 Nd6+ 37. Kd5 a6 38. Nxf8 Rxf8 39. Rxf8+ Kxf8 40. Kxd6 b5 41. Kc5 Kg7 42. Kb6 h6 43. h4 hxg5 44. hxg5 b4 45. Kxa6 Kf7 46. Kb5 Ke6 47. Kxb4 Kf5 48. a4 Kxg5 49. a5 Kf4 50. a6 g5 51. a7 g4 52. a8=Q g3 53. Qg2 1-0


[Site "https://www.chess.com"]

[Event "Titled Tuesday Blitz January 03 Late 2023"]
[White "Desideri, Ricardo Maruchi"]
[Black "Defend, Balint"]
[WhiteFideId "2110440"]
[BlackFideId "17004853"]
[WhiteElo "1959"]
[BlackElo "1673"]
[Result "0-1"]
[Round "01"]
[TimeControl "180+2"]
[Date "2023.01.03"]
[WhiteClock "0:00:07"]
[BlackClock "0:01:17"]

1. e4 c5 2. Nf3 d6 3. d4 cxd4 4. Nxd4 Nf6 5. Nc3 a6 6. Rg1 e5 7. Nb3 Be7 8. g4 h6 9. h4 Nh7 10. g5 hxg5 11. hxg5 Nxg5 12. Bc4 Be6 13. Nd5 Rh3 14. Nxe7 Nf3+ 15. Qxf3 Rxf3 16. Bxe6 Qxe7 17. Bg4 Rf6 18. Bg5 Nd7 19. O-O-O O-O-O 20. Rd3 Kb8 21. Rgd1 Nb6 22. Bxf6 Qxf6 23. f3 g6 24. Kb1 Qh4 25. Rxd6 Rxd6 26. Rxd6 Qe1+ 27. Nc1 Nc4 0-1


[Site "https://www.chess.com"]

[Event "Titled Tuesday Blitz January 03 Late 2023"]
[White "Nakamura, Hikaru"]
[Black "UnknownMagician"]
[WhiteFideId "2016192"]
[WhiteElo "2775"]
[BlackElo "2670"]
[Result "1-0"]
[Round "02"]
[TimeControl "180+2"]
[Date "2023.01.03"]
[WhiteClock "0:01:25"]
[BlackClock "0:00:26"]

1. Nf3 Nf6 2. g3 g6 3. Bg2 Bg7 4. O-O O-O 5. d3 d5 6. Nbd2 Nc6 7. e4 e5 8. Re1 a5 9. b3 a4 10. Bb2 d4 11. a3 axb3 12. cxb3 h6 13. Rc1 Qe7 14. b4 Na7 15. a4 Qxb4 16. Nc4 Nc6 17. Ba3 Qxa4 18. Qxa4 Rxa4 19. Bxf8 Kxf8 20. Ncxe5 Nxe5 21. Nxe5 c6 22. Ra1 Rxa1 23. Rxa1 Be6 24. f4 Ng4 25. Ra8+ Ke7 26. Nxg4 Bxg4 27. Rb8 b5 28. Rb7+ Ke8 29. e5 Bd7 30. Rb6 Kd8 31. Rb8+ Ke7 32. Be4 g5 33. Kf2 gxf4 34. gxf4 f6 35. Rb7 1-0


[Site "https://www.chess.com"]

[Event "Titled Tuesday Blitz January 03 Late 2023"]
[White "Domingo Nunez, Alejandro"]
[Black "Carlsen, Magnus"]
[WhiteFideId "22245561"]
[BlackFideId "1503014"]
[WhiteElo "2338"]
[BlackElo "2853"]
[Result "0-1"]
[Round "02"]
[TimeControl "180+2"]
[Date "2023.01.03"]
[WhiteClock "0:00:05"]
[BlackClock "0:00:10"]

1. Nf3 d5 2. g3 Nc6 3. d4 Bf5 4. Bg2 Nb4 5. Na3 e6 6. O-O Nf6 7. c3 Nc6 8. Nc2 h6 9. Ne3 Be4 10. c4 Bd6 11. b3 O-O 12. Bb2 a5 13. a3 Re8 14. Rc1 Nb8 15. Qd2 c6 16. c5 Bc7 17. Ne5 Nbd7 18. f3 Bh7 19. Rfd1 Nxe5 20. dxe5 Nd7 21. f4 b6 22. cxb6 Bxb6 23. Rxc6 Rc8 24. Rdc1 Rxc6 25. Rxc6 Qb8 26. Kh1 Nc5 27. b4 Ne4 28. Qc1 axb4 29. axb4 Bxe3 30. Qxe3 Qxb4 31. Bd4 Qe1+ 32. Qg1 Qxe2 33. Rc1 Bf5 34. Re1 Qh5 35. Re3 Rc8 36. Bf3 Bg4 37. Bg2 Rc2 38. Rb3 Kh7 39. Qe1 Re2 40. Qb1 Bf5 41. Qg1 Rd2 42. Be3 Rd1 43. Bf1 Qf3+ 44. Qg2 Rxf1+ 45. Bg1 Nf2# 0-1


[Site "https://www.chess.com"]

[Event "Titled Tuesday Blitz January 03 Late 2023"]
[White "Vachier-Lagrave, Maxime"]
[Black "Haydon, David L"]
[WhiteFideId "623539"]
[BlackFideId "415405"]
[WhiteElo "2742"]
[BlackElo "2253"]
[Result "1-0"]
[Round "02"]
[TimeControl "180+2"]
[Date "2023.01.03"]
[WhiteClock "0:00:33"]
[BlackClock "0:00:07"]

1. e4 c6 2. d4 d5 3. e5 Bf5 4. Nf3 e6 5. Be2 Nd7 6. O-O Ne7 7. c3 c5 8. Be3 Nc6 9. Na3 cxd4 10. cxd4 a6 11. Nc2 Rc8 12. Bd3 Bg6 13. Bxg6 hxg6 14. Nce1 Na5 15. Nd3 Nc4 16. Bf4 Be7 17. h3 g5 18. Bc1 Nf8 19. a4 Ng6 20. b3 Na5 21. Bd2 Nc6 22. Rc1 Nh4 23. Be3 Nf5 24. Qd2 f6 25. Rfe1 Kf7 26. b4 Qb6 27. exf6 gxf6 28. Qe2 Nxb4 29. Nc5 a5 30. Bxg5 Bxc5 31. dxc5 Qc6 32. g4 Ng7 33. Bxf6 Kxf6 34. Qb2+ Kf7 35. Ne5+ Kg8 36. Nxc6 bxc6 37. Rc3 Rf8 38. Kg2 Rh6 39. Rg3 Rhf6 40. Re2 Ne8 41. h4 Ng7 42. h5 R8f7 43. Qe5 Rf4 44. h6 Ne8 45. g5 Nd3 46. Qb8 Rxf2+ 47. Rxf2 Rf6 48. gxf6+ 1-0


[Site "https://www.chess.com"]

[Event "Titled Tuesday Blitz January 03 Late 2023"]
[White "Vlassov, Nikolai"]
[Black "Duda, Jan-Krzysztof"]
[WhiteFideId "4103360"]
[BlackFideId "1170546"]
[WhiteElo "2283"]
[BlackElo "2724"]
[Result "1-0"]
[Round "02"]
[TimeControl "180+2"]
[Date "2023.01.03"]
[WhiteClock "0:00:43"]
[BlackClock "0:00:03"]

1. e4 c5 2. c3 Nf6 3. e5 Nd5 4. d4 cxd4 5. cxd4 e6 6. Nc3 Nxc3 7. bxc3 b6 8. f4 Bb7 9. Nf3 Be4 10. Bd3 Bxd3 11. Qxd3 g6 12. O-O d5 13. a4 Nc6 14. Ra2 h5 15. Ng5 Be7 16. Ba3 Rc8 17. g3 Bxg5 18. fxg5 Qxg5 19. Raf2 f5 20. exf6 Kf7 21. Bc1 Qg4 22. Rf4 Qg5 23. Rh4 Qf5 24. Rxf5 exf5 25. Bg5 Rhe8 26. Rf4 Na5 27. Qb5 Rcd8 28. Rf2 Nc4 29. Qc6 Re1+ 30. Kg2 Rde8 31. Qd7+ 1-0


[Site "https://www.chess.com"]

[Event "Titled Tuesday Blitz January 03 Late 2023"]
[White "Abrahamyan, Tatev"]
[Black "Naroditsky, Daniel"]
[WhiteFideId "13301918"]
[BlackFideId "2026961"]
[WhiteElo "2294"]
[BlackElo "2618"]
[Result "0-1"]
[Round "02"]
[TimeControl "180+2"]
[Date "2023.01.03"]
[WhiteClock "0:00:22"]
[BlackClock "0:02:17"]

1. e4 c5 2. Nf3 d6 3. d4 cxd4 4. Nxd4 Nf6 5. Nc3 a6 6. f3 e5 7. Nb3 Be7 8. Be3 Be6 9. Qd2 O-O 10. O-O-O a5 11. Bb5 Na6 12. Kb1 Nc7 13. a4 Nxb5 14. Nxb5 d5 15. exd5 Nxd5 16. Qf2 Rc8 17. Nc5 Bf5 18. Ne4 Qd7 19. g4 Bg6 20. h4 Qe6 21. h5 Nb4 22. hxg6 Qa2+ 23. Kc1 Qa1+ 24. Kd2 Rxc2+ 25. Ke1 Nd3+ 26. Kf1 Qxd1+ 27. Kg2 Nxf2 28. Nxf2 Qxh1+ 29. Kxh1 fxg6 0-1


[Site "https://www.chess.com"]

[Event "Titled Tuesday Blitz January 03 Late 2023"]
[White "Martinez Alcantara, Jose Eduardo"]
[Black "Popilski, Gil"]
[WhiteFideId "3805662"]
[BlackFideId "2809060"]
[WhiteElo "2619"]
[BlackElo "2443"]
[Result "1-0"]
[Round "02"]
[TimeControl "180+2"]
[Date "2023.01.03"]
[WhiteClock "0:00:04"]
[BlackClock "0:00:34"]

1. e4 e5 2. Nf3 Nf6 3. Nxe5 d6 4. Nf3 Nxe4 5. d4 d5 6. Bd3 Bd6 7. O-O O-O 8. c4 c6 9. Re1 Bf5 10. Qb3 Na6 11. Nc3 Re8 12. cxd5 cxd5 13. Qxd5 Nxc3 14. Rxe8+ Qxe8 15. Qxf5 g6 16. Qf6 Ne2+ 17. Bxe2 Qxe2 18. Bh6 Bf8 19. Bxf8 Rxf8 20. d5 Nb4 21. d6 Nd3 22. Qd4 Rd8 23. Rf1 Nxb2 24. Ne5 Na4 25. Ng4 b5 26. Nh6+ Kf8 27. Qh8# 1-0


[Site "https://www.chess.com"]

[Event "Titled Tuesday Blitz January 03 Late 2023"]
[White "Caruana, Fabiano"]
[Black "Gascon Del Nogal, Jose Rafael"]
[WhiteFideId "2020009"]
[BlackFideId "3902463"]
[WhiteElo "2764"]
[BlackElo "2459"]
[Result "1-0"]
[Round "02"]
[TimeControl "180+2"]
[Date "2023.01.03"]
[WhiteClock "0:00:35"]
[BlackClock "0:00:02"]

1. c4 e5 2. e3 Nf6 3. Nc3 g6 4. Nf3 d6 5. d4 exd4 6. exd4 Bg7 7. Qe2+ Kf8 8. g3 Bg4 9. Bg2 Nc6 10. Be3 Qd7 11. O-O Re8 12. Qd2 Bh3 13. d5 Ne5 14. Nxe5 Rxe5 15. f3 h5 16. Bd4 Bxg2 17. Kxg2 Rf5 18. Rae1 c5 19. Be3 h4 20. g4 h3+ 21. Kh1 Re5 22. Bf4 Rxe1 23. Rxe1 Kg8 24. Nb5 Bf8 25. Qc3 Bg7 26. Qe3 Kh7 27. Nxd6 Nxg4 28. fxg4 Qxg4 29. Rg1 Qh5 30. Nxf7 Bd4 31. Ng5+ Qxg5 32. Bxg5 Bxe3 33. Bxe3 1-0


[Site "https://www.chess.com"]

[Event "Titled Tuesday Blitz January 03 Late 2023"]
[White "Milosevic, Milos"]
[Black "Paravyan, David"]
[WhiteFideId "964875"]
[BlackFideId "4194985"]
[WhiteElo "2420"]
[BlackElo "2601"]
[Result "0-1"]
[Round "02"]
[TimeControl "180+2"]
[Date "2023.01.03"]
[WhiteClock "0:00:02"]
[BlackClock "0:00:53"]

1. e4 e5 2. Nf3 Nf6 3. Nc3 Nc6 4. Bb5 Nd4 5. O-O c6 6. Bd3 Nxf3+ 7. Qxf3 d6 8. Qg3 Nh5 9. Qf3 Nf4 10. Bc4 Be6 11. Bxe6 Nxe6 12. d3 g6 13. Ne2 Bg7 14. c3 O-O 15. Qg3 d5 16. Kh1 f5 17. exd5 Qxd5 18. f4 Rad8 19. Rd1 Rfe8 20. Be3 g5 21. Bxa7 exf4 22. Qf2 c5 23. Bb6 Rd6 24. Ba5 Qc6 25. c4 Bxb2 26. Rab1 Bg7 27. Rb6 Qd7 28. Rdb1 Rxb6 29. Rxb6 Qxd3 30. Rxb7 Nd4 31. Nc3 h6 32. h4 Qg3 33. Nd1 Re2 34. Qf1 Qxh4+ 35. Kg1 f3 36. Nf2 Rxf2 37. Qxf2 Ne2+ 38. Qxe2 Bd4+ 39. Kf1 Qh1# 0-1


[Site "https://www.chess.com"]

[Event "Titled Tuesday Blitz January 03 Late 2023"]
[White "Sarana, Alexey"]
[Black "Volkov, Maksim"]
[WhiteFideId "24133795"]
[BlackFideId "54123070"]
[WhiteElo "2685"]
[BlackElo "2258"]
[Result "1-0"]
[Round "02"]
[TimeControl "180+2"]
[Date "2023.01.03"]
[WhiteClock "0:00:30"]
[BlackClock "0:00:15"]

1. c4 e6 2. Nc3 d5 3. cxd5 exd5 4. d4 c6 5. Bf4 Nf6 6. e3 Bf5 7. f3 Be7 8. g4 Bg6 9. h4 h5 10. g5 Nfd7 11. Nge2 f6 12. gxf6 Bxf6 13. Bg3 Nf8 14. Nf4 Bf5 15. Bd3 Qd7 16. Qe2 Bxd3 17. Nxd3 Na6 18. O-O-O O-O-O 19. Kb1 Ne6 20. Rc1 Nac7 21. Ne5 Qe8 22. Qc2 g5 23. hxg5 Bxg5 24. f4 Bf6 25. Qf5 Bxe5 26. fxe5 Rd7 27. Bh4 Ng7 28. Qh3 Rh7 29. Bf6 Qg6+ 30. Ka1 Nge8 31. Rhg1 Qd3 32. Rg8 b5 33. a3 Kb7 34. Na2 a5 35. Bh4 Qd2 36. Be1 Qd3 37. Bxa5 h4 38. Nb4 Qd2 39. Rxc6 Rhg7 40. Rb6+ Ka7 41. Nc6+ 1-0


[Site "https://www.chess.com"]

[Event "Titled Tuesday Blitz January 03 Late 2023"]
[White "Kim, Yoon-Young"]
[Black "Pranav, V"]
[WhiteFideId "30908779"]
[BlackFideId "25060783"]
[WhiteElo "2304"]
[BlackElo "2597"]
[Result "0-1"]
[Round "02"]
[TimeControl "180+2"]
[Date "2023.01.03"]
[WhiteClock "0:01:24"]
[BlackClock "0:02:30"]

1. d4 Nf6 2. c4 Nc6 3. Nf3 e6 4. g3 Bb4+ 5. Bd2 Bxd2+ 6. Qxd2 d6 7. Nc3 O-O 8. Bg2 Qe7 9. O-O e5 10. e4 Bg4 11. Nd5 Qd8 12. Nxf6+ Qxf6 13. d5 Bxf3 14. dxc6 bxc6 15. Qe3 Bxg2 16. Kxg2 Qe6 17. b3 a5 18. Rad1 a4 19. f4 axb3 0-1


[Site "https://www.chess.com"]